[Event "Early-Titled-Tuesday-Blitz-March-26-2024"]
[Site "Chess.com"]
[Date "2024.03.26"]
[Round "3"]
[White "Ginger_GM"]
[Black "Donskov_AN"]
[Result "1-0"]
[WhiteElo "2579"]
[BlackElo "2351"]
[TimeControl "180+1"]
[EndTime "8:25:23 PDT"]
[Termination "Ginger_GM won by resignation"]

1. d4 d5 2. Nc3 Nf6 3. Bf4 a6 4. e3 e6 5. Nf3 c5 6. dxc5 Bxc5 7.
Bd3 O-O 8. O-O Nc6 9. e4 dxe4 10. Nxe4 Nxe4 11. Bxe4 Qxd1 12. Rfxd1 h6 13. Bxc6 bxc6 14.
Bd6 Bxd6 15. Rxd6 c5 16. Rad1 Bb7 17. Ne5 Rac8 18. c4 Rc7 19. f3 f6 20. Ng6 Re8 21.
h4 Kf7 22. h5 Bc6 23. Kf2 a5 24. R1d2 e5 25. Nh4 a4 26. Ke3 Rb8 27. Nf5 Rb4 28.
Rd8 Rxc4 29. Nd6+ 1-0

[Event "Early-Titled-Tuesday-Blitz-March-26-2024"]
[Site "Chess.com"]
[Date "2024.03.26"]
[Round "3"]
[White "LuisFSiles"]
[Black "Viktoker"]
[Result "1-0"]
[WhiteElo "2315"]
[BlackElo "2526"]
[TimeControl "180+1"]
[EndTime "8:25:28 PDT"]
[Termination "LuisFSiles won by resignation"]

1. e4 c6 2. d4 d5 3. exd5 cxd5 4.
c4 Nf6 5. Nc3 Nc6 6. Bg5 dxc4 7.
Bxc4 h6 8. Be3 e6 9. Nf3 Be7 10. O-O O-O 11. Qe2 b6 12. Rad1 Bb7 13. d5 exd5 14. Nxd5 Nxd5 15. Bxd5 Qc7 16. Qc4 Qc8 17. Qe4 Bc5 18. Bxh6 Ne7 19. Bxb7 1-0

[Event "Early-Titled-Tuesday-Blitz-March-26-2024"]
[Site "Chess.com"]
[Date "2024.03.26"]
[Round "3"]
[White "Andrei_Belozerov"]
[Black "Zapateado"]
[Result "1-0"]
[WhiteElo "2616"]
[BlackElo "2411"]
[TimeControl "180+1"]
[EndTime "8:25:30 PDT"]
[Termination "Andrei_Belozerov won by resignation"]

1. e4 c5 2. Nf3 g6 3. d4 cxd4 4.
Qxd4 Nf6 5. Nc3 Nc6 6. Qa4 d6 7. e5 dxe5 8. Nxe5 Bg7 9. Bb5 O-O 10. Nxc6 bxc6 11. Bxc6 Bd7 12. O-O Bxc6 13. Qxc6 Rc8 14.
Qa6 Qb6 15. Qxb6 axb6 16. a4 Rfd8 17. Be3 Nd5 18. Nxd5 Rxd5 19. c3 b5 20. a5 b4 21.
cxb4 Bxb2 22. Ra2 Be5 23. a6 Rb5 24. Bc5 Bb8 25. a7 Bxa7 26. Rxa7 1-0

[Event "Early-Titled-Tuesday-Blitz-March-26-2024"]
[Site "Chess.com"]
[Date "2024.03.26"]
[Round "3"]
[White "AlexeiShirov"]
[Black "yaguigor"]
[Result "0-1"]
[WhiteElo "2841"]
[BlackElo "2587"]
[TimeControl "180+1"]
[EndTime "8:25:33 PDT"]
[Termination "yaguigor won by resignation"]

1. e4 c5 2. Nf3 Nc6 3. d4 cxd4 4. Nxd4 Nf6 5. Nc3 e5 6. Ndb5 d6 7. Nd5 Nxd5 8. exd5 Nb8 9. a4 Be7 10. Bd2 O-O 11.
a5 f5 12. c4 a6 13. Nc3 Nd7 14. b4 Bg5 15. Rc1 Bxd2+ 16. Qxd2 b6 17. axb6 Qxb6 18. Na4 Qd4 19. Qxd4 exd4 20. Kd2 Rb8 21. b5 Nc5 22. Nxc5 dxc5 23. Bd3 Rf6 24. Rhe1 Kf7 25. Re5 Bd7 26. Rf1 axb5 27. Rfe1 Re8 28. Re7+ Rxe7 0-1

[Event "Early-Titled-Tuesday-Blitz-March-26-2024"]
[Site "Chess.com"]
[Date "2024.03.26"]
[Round "3"]
[White "LileKoridze"]
[Black "Resignify"]
[Result "0-1"]
[WhiteElo "2452"]
[BlackElo "2268"]
[TimeControl "180+1"]
[EndTime "8:25:34 PDT"]
[Termination "Resignify won by resignation"]

1. d4 Nf6 2. c4 d6 3. Nf3 g6 4.
Nc3 Bg7 5. e4 O-O 6. Be2 e5 7.
d5 a5 8. Bg5 h6 9. Be3 Na6 10.
Nd2 Ne8 11. g4 f5 12. gxf5 gxf5 13. exf5 Bxf5 14. Nde4 Nf6 15. Ng3 Bh7 16. Rg1 Kh8 17. Qd2 Nb4 18. a3 Nc2+ 19. Kd1 Nxe3+ 20. Qxe3 e4 21.
Nh5 Nxh5 22. Bxh5 Qh4 23. Bg4 Qxf2 24. Qe1 e3 25. Rc1 Rae8 26. Be2 Rf4 27. h3 Rd4+ 0-1

[Event "Early-Titled-Tuesday-Blitz-March-26-2024"]
[Site "Chess.com"]
[Date "2024.03.26"]
[Round "3"]
[White "Mikhail_Golubev"]
[Black "Rsnr"]
[Result "0-1"]
[WhiteElo "2724"]
[BlackElo "2910"]
[TimeControl "180+1"]
[EndTime "8:25:40 PDT"]
[Termination "Rsnr won by resignation"]

1. e4 c6 2. d4 d5 3. Nc3 dxe4 4.
Nxe4 Bf5 5. Ng3 Bg6 6. c3 e6 7.
Nh3 Nf6 8. Nf4 Bd6 9. h4 Qc7 10. Qf3 c5 11. h5 Bc2 12. h6 O-O 13. hxg7 Re8 14. Nfh5 Nxh5 15. Nxh5 Nd7 16. Bd3 Bxd3 17. Qxd3 e5 18. Qf5 exd4+ 19. Kf1 Re5 20. Qxd7 Rxh5 0-1

[Event "Early-Titled-Tuesday-Blitz-March-26-2024"]
[Site "Chess.com"]
[Date "2024.03.26"]
[Round "3"]
[White "bazar-wokzal"]
[Black "lacafi"]
[Result "1-0"]
[WhiteElo "2566"]
[BlackElo "2315"]
[TimeControl "180+1"]
[EndTime "8:25:48 PDT"]
[Termination "bazar-wokzal won by checkmate"]

1. e4 c6 2. d4 d5 3. e5 Bf5 4. Nc3 e6 5. g4 Bg6 6. Nge2 Be7 7.
Be3 Nd7 8. f4 c5 9. Bg2 cxd4 10.
Nxd4 Nh6 11. O-O Be4 12. Bxe4 dxe4 13. Nxe4 O-O 14. Ng3 Rc8 15. g5 Nf5 16. Ndxf5 exf5 17. Nxf5 Bc5 18. Bxc5 Rxc5 19. c3 Qc7 20. Qd6 Nb6 21. Ne7+ Kh8 22. Ng6+ hxg6 23. Qxf8+ Kh7 24. Rf3 Rd5 25.
Rh3# 1-0

[Event "Early-Titled-Tuesday-Blitz-March-26-2024"]
[Site "Chess.com"]
[Date "2024.03.26"]
[Round "3"]
[White "gpsji27"]
[Black "AGW2016"]
[Result "0-1"]
[WhiteElo "2355"]
[BlackElo "2547"]
[TimeControl "180+1"]
[EndTime "8:25:50 PDT"]
[Termination "AGW2016 won by resignation"]

1. d4 Nf6 2. Nf3 g6 3. Nc3 Bg7 4. e4 d6 5. h3 O-O 6. Be3 c6 7.
Qd2 Qc7 8. e5 dxe5 9. dxe5 Nfd7 10.
e6 fxe6 11. Bc4 Nb6 12. Bb3 Nd5 13. Bd4 e5 14. Bxd5+ cxd5 15. Nxd5 Qd6 16. Bc3 Nc6 17.
O-O-O Nd4 18. Ne3 Nxf3 19. Qxd6 exd6 20. gxf3 Rxf3 21. Rxd6 Bxh3 22. Nd1 Bf5 23. Re1 e4 24. Bxg7 Kxg7 25. Re2 h5 26. Ne3 h4 27. Nxf5+ gxf5 28. Rd7+ Kf6 29. Rxb7 Rh8 30. Re1 h3 31. Rh1 h2 32.
Rd7 Rxf2 33. Rdd1 e3 34. Rde1 f4 0-1

[Event "Early-Titled-Tuesday-Blitz-March-26-2024"]
[Site "Chess.com"]
[Date "2024.03.26"]
[Round "3"]
[White "BeautiFullMindChess"]
[Black "GMAneta"]
[Result "0-1"]
[WhiteElo "2304"]
[BlackElo "2564"]
[TimeControl "180+1"]
[EndTime "8:25:56 PDT"]
[Termination "GMAneta won by resignation"]

1. e4 c5 2. Nf3 Nc6 3. Bb5 Qc7 4. O-O Nf6 5. Re1 e6 6. c3 a6 7. Ba4 b5 8. Bc2 Bb7 9. d4 cxd4 10. cxd4 Nb4 11. Bd3 Rc8 12. Nc3 Nxd3 13. Qxd3 b4 14. Na4 Qc2 15. Qxc2 Rxc2 16. d5 Be7 17. d6 Bd8 18. e5 Ng4 19. Bf4 Nxf2 20. Rac1 Rxc1 21. Rxc1 Nd3 22. Rc7 Bxc7 23. dxc7 Nxf4 24. Nb6 O-O 0-1

[Event "Early-Titled-Tuesday-Blitz-March-26-2024"]
[Site "Chess.com"]
[Date "2024.03.26"]
[Round "3"]
[White "maurovargas01"]
[Black "InitiatingASC"]
[Result "0-1"]
[WhiteElo "1843"]
[BlackElo "2336"]
[TimeControl "180+1"]
[EndTime "8:25:56 PDT"]
[Termination "InitiatingASC won on time"]

1. e4 c5 2. Nc3 g6 3. f4 Bg7 4.
Nf3 Nc6 5. e5 Nd4 6. Bc4 Nh6 7.
O-O O-O 8. h3 a6 9. a4 Nhf5 10.
g4 Nxf3+ 11. Rxf3 Nd4 12. Rf2 Rb8 13. Bf1 b5 14. axb5 axb5 15. Nd5 Bb7 16. Bg2 d6 17. c3 dxe5 18. Nxe7+ Qxe7 19. cxd4 exd4 20. d3 Bxg2 21. Rxg2 Rfe8 22. Rf2 c4 23. dxc4 bxc4 0-1

[Event "Early-Titled-Tuesday-Blitz-March-26-2024"]
[Site "Chess.com"]
[Date "2024.03.26"]
[Round "3"]
[White "Switzerlamb"]
[Black "ViktoriyaTarasova"]
[Result "1-0"]
[WhiteElo "2554"]
[BlackElo "2357"]
[TimeControl "180+1"]
[EndTime "8:25:57 PDT"]
[Termination "Switzerlamb won by resignation"]

1. Nf3 Nf6 2. c4 e6 3. Nc3 b6 4. g3 Bb7 5. d4 Bb4 6. Bd2 O-O 7. Bg2 d5 8. Ne5 Nbd7 9. O-O c5 10. Nxd7 Qxd7 11. cxd5 exd5 12. dxc5 bxc5 13. Bg5 Bxc3 14. bxc3 Qf5 15. Be3 Rac8 16. Qd3 Qxd3 17. exd3 Ba6 18. Rfd1 h6 19. Bf3 Rfd8 20. Bf4 g5 21. Bc1 Kg7 22.
Ba3 Rc6 23. Rab1 Rdc8 24. c4 dxc4 25. Bxc6 Rxc6 26. dxc4 Bxc4 27. Rbc1 Bxa2 28. Rxc5 Re6 29. Ra5 Re7 30. Bxe7 1-0

[Event "Early-Titled-Tuesday-Blitz-March-26-2024"]
[Site "Chess.com"]
[Date "2024.03.26"]
[Round "3"]
[White "hakanazeri2"]
[Black "mary-sanna"]
[Result "1-0"]
[WhiteElo "2560"]
[BlackElo "2233"]
[TimeControl "180+1"]
[EndTime "8:26:00 PDT"]
[Termination "hakanazeri2 won by checkmate"]

1. Nf3 d5 2. d4 Nf6 3. c4 e6 4. g3 dxc4 5. Bg2 Bd7 6. Ne5 Bc6 7. Nxc6 Nxc6 8. O-O Qd7 9. e3 Nd5 10. Qe2 Nb6 11.
Nd2 h5 12. Nxc4 h4 13. Bd2 hxg3 14. hxg3 Be7 15. Rfc1 Bf6 16. b4 Nd5 17. b5 Nce7 18. a4 c6 19. e4 Nb6 20. Nxb6 axb6 21. e5 Nd5 22. exf6 gxf6 23. Qc4 cxb5 24. Qxb5 Qxb5 25. axb5 Ke7 26. Bxd5 exd5 27. Rxa8 Rxa8 28. Rc7+ Kd6 29. Rxb7 Ra2 30. Bb4+ Ke6 31. g4 Rb2 32. Re7# 1-0

[Event "Early-Titled-Tuesday-Blitz-March-26-2024"]
[Site "Chess.com"]
[Date "2024.03.26"]
[Round "3"]
[White "DinaBelenkaya"]
[Black "Korchmar_Vasiliy"]
[Result "0-1"]
[WhiteElo "2479"]
[BlackElo "2702"]
[TimeControl "180+1"]
[EndTime "8:26:01 PDT"]
[Termination "Korchmar_Vasiliy won by resignation"]

1. e4 c5 2. Nc3 d6 3. Nf3 Nc6 4.
g3 g6 5. Bg2 Bg7 6. O-O e5 7.
d3 Nge7 8. h4 h6 9. Nd5 Nxd5 10.
exd5 Ne7 11. Nd2 O-O 12. h5 g5 13. g4 f5 14. gxf5 Nxf5 15. Be4 Nh4 16. Nc4 Bh3 17.
Ne3 Qd7 18. Kh2 Rf4 19. f3 Bxf1 20. Nxf1 Rxe4 21. fxe4 Rf8 22. Be3 Rf3 23. Qxf3 Nxf3+ 24. Kg3 Nd4 25. Bxd4 exd4 26. Nh2 Be5+ 27. Kg2 Bxh2 28.
Kxh2 Qg4 29. Rf1 Qxh5+ 0-1

[Event "Early-Titled-Tuesday-Blitz-March-26-2024"]
[Site "Chess.com"]
[Date "2024.03.26"]
[Round "3"]
[White "norwaytoadog"]
[Black "MikeWizard"]
[Result "1-0"]
[WhiteElo "2399"]
[BlackElo "2099"]
[TimeControl "180+1"]
[EndTime "8:26:07 PDT"]
[Termination "norwaytoadog won by resignation"]

1. e4 d6 2. d4 Nf6 3. Nc3 Nbd7 4.
Nf3 e5 5. Rg1 h5 6. Bc4 Be7 7.
Bxf7+ Kxf7 8. Ng5+ Kg8 9. Ne6 Qe8 10. Nxc7 Qd8 11. Nxa8 exd4 12. Qxd4 Nc5 13. Be3 Be6 14. b4 Qxa8 15. bxc5 dxc5 16. Qe5 Qc8 17. Nd5 Bxd5 18. exd5 Kf7 19. O-O-O Ng4 20. Qe4 c4 21. d6 Bf6 22.
Qd5+ Qe6 23. Rge1 Rd8 24. Qxe6+ Kxe6 25. Bb6+ 1-0

[Event "Early-Titled-Tuesday-Blitz-March-26-2024"]
[Site "Chess.com"]
[Date "2024.03.26"]
[Round "3"]
[White "UK_23"]
[Black "Shuvalov"]
[Result "1/2-1/2"]
[WhiteElo "2409"]
[BlackElo "2601"]
[TimeControl "180+1"]
[EndTime "8:26:08 PDT"]
[Termination "Game drawn by repetition"]

1. e4 e6 2. d4 d5 3. e5 c5 4. c3 Nc6 5. Nf3 Qb6 6. Be2 Nh6 7. O-O cxd4 8. Bxh6 Qxb2 9. cxd4 gxh6 10. Nbd2 Bd7 11. Rb1 Qxa2 12. Rxb7 Rb8 13. Rxb8+ Nxb8 14. Qa1 Qxa1 15. Rxa1 Nc6 16. Bb5 Bb4 17. Bxc6 Bxc6 18.
Rxa7 O-O 19. g3 Ra8 20. Rxa8+ Bxa8 21. Kf1 Bc6 22. Ke2 Bb5+ 23. Ke3 Ba4 24. h4 Bc2 25.
Nh2 Kg7 26. Ng4 Bf5 27. Nf6 Be7 28. Nh5+ Kg8 29. Nf4 Ba3 30. f3 Bc1 31. g4 Bc2 32. Nh5 Bg6 33. Nf6+ Kg7 34. h5 Bc2 35. Ke2 Bb2 36.
Ke3 Bc1 37. Ke2 Bb2 38. Ke3 Bc1 1/2-1/2

[Event "Early-Titled-Tuesday-Blitz-March-26-2024"]
[Site "Chess.com"]
[Date "2024.03.26"]
[Round "3"]
[White "santosalberto1987"]
[Black "teresin05"]
[Result "1-0"]
[WhiteElo "2535"]
[BlackElo "2278"]
[TimeControl "180+1"]
[EndTime "8:26:12 PDT"]
[Termination "santosalberto1987 won by resignation"]

1. e4 c5 2. Nf3 Nc6 3. Nc3 Nf6 4. d4 cxd4 5. Nxd4 d6 6. Bg5 e6 7.
Bb5 Bd7 8. Bxc6 bxc6 9. Qf3 h6 10. Bxf6 Qxf6 11. Qxf6 gxf6 12. f4 d5 13. O-O-O c5 14. Nf3 d4 15. Nb1 Bd6 16. g3 Bc6 17. Rhe1 f5 18.
Nfd2 fxe4 19. Nxe4 Be7 20. Nbd2 O-O-O 21. Nb3 Rd5 22.
Na5 Ba8 23. Nc4 f5 24. Ned2 Kd7 25. Ne5+ Ke8 26. Ng6 Rg8 27. Rxe6 Kf7 28. Nxe7 Kxe6 29. Nxg8 Rd8 30. Re1+ Kf7 31. Nxh6+ Kf6 32. g4 fxg4 33.
Nxg4+ Kf5 34. Ne5 Kxf4 35. Ndc4 Bd5 36. b3 Rh8 37. Rf1+ Kg5 38. Nf7+ Bxf7 39. Rxf7 Rxh2 40. Rxa7 Kf4 41. Rc7 Rh5 42. a4 Ke4 43. a5 Kd5 44. a6 Rh6 45. a7 Ra6 46. a8=Q+ Rxa8 47. Nb6+ 1-0

[Event "Early-Titled-Tuesday-Blitz-March-26-2024"]
[Site "Chess.com"]
[Date "2024.03.26"]
[Round "3"]
[White "Matrix3x3a"]
[Black "Oligan22"]
[Result "1-0"]
[WhiteElo "2609"]
[BlackElo "2394"]
[TimeControl "180+1"]
[EndTime "8:26:20 PDT"]
[Termination "Matrix3x3a won on time"]

1. d4 d5 2. Nf3 Nf6 3. c4 dxc4 4. e3 e6 5. Bxc4 a6 6. O-O c5 7. e4 cxd4 8. e5 Nfd7 9. Qxd4 Nc6 10. Qf4 Qc7 11.
Re1 Ndxe5 12. Nxe5 Nxe5 13. Qxe5 Qxc4 14. Nc3 Qc5 15. Nd5 f6 16. Qh5+ g6 17. Nxf6+ Kf7 18. Qd1 Be7 19. Ne4 Qd5 20. Qc2 e5 21. Bg5 Bf5 22.
Bxe7 Kxe7 23. Qc7+ Ke6 24. Nc5+ Kf6 25. Rad1 Qxa2 26.
Qxe5+ Kg5 27. h4+ Kh6 28. Qf4+ 1-0

[Event "Early-Titled-Tuesday-Blitz-March-26-2024"]
[Site "Chess.com"]
[Date "2024.03.26"]
[Round "3"]
[White "esteban062000"]
[Black "amylazy"]
[Result "0-1"]
[WhiteElo "2161"]
[BlackElo "2415"]
[TimeControl "180+1"]
[EndTime "8:26:20 PDT"]
[Termination "amylazy won by resignation"]

1. e4 c5 2. Nf3 e6 3. d4 cxd4 4. Nxd4 a6 5. c4 Nf6 6. Nc3 Qc7 7. Bd3 Nc6 8. Nxc6 dxc6 9. O-O e5 10. a3 Be6 11. b4 Be7 12. f3 Rd8 13. Qe2 O-O 14. Be3 a5 15. c5 axb4 16. axb4 Ra8 17. Na4 Nd7 18. f4 Bb3 19. Nc3 Rxa1 20. Rxa1 exf4 21. Bd2 Qe5 22. Rf1 Bg5 23. Qf3 Qd4+ 24. Kh1 Ne5 25. Ne2 Qxd3 0-1

[Event "Early-Titled-Tuesday-Blitz-March-26-2024"]
[Site "Chess.com"]
[Date "2024.03.26"]
[Round "3"]
[White "suyu28"]
[Black "ogpin"]
[Result "1-0"]
[WhiteElo "2844"]
[BlackElo "2273"]
[TimeControl "180+1"]
[EndTime "8:26:23 PDT"]
[Termination "suyu28 won by resignation"]

1. d4 Nf6 2. c4 e6 3. Nf3 d5 4. g3 Be7 5. Bg2 O-O 6. O-O c6 7.
b3 b6 8. Bb2 a5 9. Nc3 Nbd7 10.
Qc2 Ba6 11. Nd2 Rc8 12. e4 dxe4 13. Ndxe4 Nxe4 14. Nxe4 b5 15. c5 b4 16. Rfe1 Nf6 17.
a3 Nd5 18. Nd2 bxa3 19. Bxa3 Bf6 20. Nf3 Rb8 21. Ne5 Bxe5 22. dxe5 Qc7 23. h4 Rfd8 24. h5 h6 25. Rad1 Nb4 26. Bxb4 Rxb4 27. Rd6 Qb8 28. Ra1 Rxb3 29. Rxd8+ 1-0

[Event "Early-Titled-Tuesday-Blitz-March-26-2024"]
[Site "Chess.com"]
[Date "2024.03.26"]
[Round "3"]
[White "astralpulse"]
[Black "Sanan_Sjugirov"]
[Result "0-1"]
[WhiteElo "2644"]
[BlackElo "3018"]
[TimeControl "180+1"]
[EndTime "8:26:24 PDT"]
[Termination "Sanan_Sjugirov won on time"]

1. Nf3 Nf6 2. g3 g6 3. Bg2 Bg7 4. O-O d5 5. d4 O-O 6. c4 Nc6 7. cxd5 Nxd5 8. e4 Nb6 9. d5 Na5 10.
Qe1 Nac4 11. Nc3 c6 12. b3 Ne5 13. Nxe5 Bxe5 14. dxc6 bxc6 15. Bh6 Re8 16. Rd1 Qc7 17. Qe3 Ba6 18. Rfe1 Rad8 19. f4 Bd6 20. e5 Bb4 21.
Kh1 Rxd1 22. Rxd1 Rd8 23. Rxd8+ Qxd8 24. h4 Qd3 25. Qxd3 Bxd3 26. Ne4 Nd5 27. Nf2 Bb1 28. a4 Bc2 0-1

[Event "Early-Titled-Tuesday-Blitz-March-26-2024"]
[Site "Chess.com"]
[Date "2024.03.26"]
[Round "3"]
[White "Zavgorodniy_Sergiy"]
[Black "MarijaKuznecova"]
[Result "1-0"]
[WhiteElo "2621"]
[BlackElo "2422"]
[TimeControl "180+1"]
[EndTime "8:26:27 PDT"]
[Termination "Zavgorodniy_Sergiy won on time"]

1. d4 Nf6 2. c4 c5 3. Nf3 cxd4 4. Nxd4 e5 5. Nb5 d5 6. cxd5 Bc5 7. N5c3 O-O 8. g3 Ng4 9. e3 f5 10. Be2 Qf6 11. O-O h5 12. h3 Nh6 13. Bxh5 f4 14. Ne4 Qb6 15. Nxc5 Qxc5 16. exf4 Bxh3 17. Re1 exf4 18.
Bxf4 Rxf4 19. gxf4 Nd7 20. Nc3 Rf8 21. Qf3 Bf5 22. Rad1 Nf6 23. Rd2 Nxh5 24. Qxh5 Bg4 25. Qe5 Nf5 26. Ne4 Qa5 27. d6 Qd8 28. Ng5 1-0

[Event "Early-Titled-Tuesday-Blitz-March-26-2024"]
[Site "Chess.com"]
[Date "2024.03.26"]
[Round "3"]
[White "CSB7"]
[Black "dropstoneDP"]
[Result "1/2-1/2"]
[WhiteElo "2780"]
[BlackElo "2991"]
[TimeControl "180+1"]
[EndTime "8:26:29 PDT"]
[Termination "Game drawn by agreement"]

1. e4 e5 2. Nf3 Nf6 3. Nxe5 d6 4. Nf3 Nxe4 5. d4 d5 6. Bd3 Bd6 7. O-O O-O 8. c4 c6 9. Nc3 Nxc3 10. bxc3 dxc4 11.
Bxc4 Bf5 12. Ng5 h6 13. Qf3 Bg6 14. Ne4 Bxh2+ 15. Kxh2 Qh4+ 16. Qh3 Qxh3+ 17. gxh3 Bxe4 18. Rg1 Re8 19. Bxh6 g6 20. a4 Nd7 21. a5 b5 22.
axb6 axb6 23. Bf4 b5 24. Bb3 Bd5 25. Rxa8 Rxa8 26. Bxd5 cxd5 27. Rb1 Ra2 28. Kg2 Nf6 29. Rxb5 Ne4 30. Bg3 Nxc3 31. Rc5 Ne4 32. Rxd5 Nxg3 33. Kxg3 Kf8 34. h4 Rd2 35. Kf3 Rd1 36. h5 gxh5 37.
Rxh5 Rxd4 1/2-1/2

[Event "Early-Titled-Tuesday-Blitz-March-26-2024"]
[Site "Chess.com"]
[Date "2024.03.26"]
[Round "3"]
[White "Shield12"]
[Black "Kiborg95"]
[Result "1-0"]
[WhiteElo "2997"]
[BlackElo "2767"]
[TimeControl "180+1"]
[EndTime "8:26:29 PDT"]
[Termination "Shield12 won by resignation"]

1. e4 d6 2. d4 Nf6 3. Nc3 e5 4. Nf3 Nbd7 5. Bc4 Be7 6. a4 O-O 7. O-O c6 8. h3 h6 9. Re1 Re8 10.
b3 exd4 11. Qxd4 Ne5 12. Be2 Qc7 13. Bf4 Nxf3+ 14. Bxf3 Nd7 15. Be2 Bf6 16. Qd2 Qa5 17. Nd5 Qxd2 18. Nxf6+ Nxf6 19. Bxd2 Rxe4 20. Bd3 Rxe1+ 21.
Rxe1 Be6 22. Bf4 d5 23. a5 a6 24. b4 Re8 25. f3 Bd7 26. Rxe8+ Nxe8 27. Kf2 h5 28.
Ke3 g6 29. Kd4 Ng7 30. Ke5 Ne8 31. Kd4 Ng7 32. Bb8 Ne6+ 33. Ke5 Kf8 34. Bd6+ Ke8 35. Kf6 Nd4 36. Bc5 Ne6 37. Be3 Nc7 38. g4 hxg4 39.
fxg4 Be6 40. Bf4 Nb5 41. Bxg6 Nd6 42. Bxd6 1-0

[Event "Early-Titled-Tuesday-Blitz-March-26-2024"]
[Site "Chess.com"]
[Date "2024.03.26"]
[Round "3"]
[White "carloseduar100"]
[Black "ITheOnlyME"]
[Result "1-0"]
[WhiteElo "2205"]
[BlackElo "2412"]
[TimeControl "180+1"]
[EndTime "8:26:29 PDT"]
[Termination "carloseduar100 won by resignation"]

1. d4 Nf6 2. Bg5 e6 3. e3 b6 4.
Nd2 Bb7 5. Ngf3 Be7 6. Bd3 h6 7. Bh4 c5 8. c3 Nc6 9. O-O O-O 10.
a3 d5 11. Re1 a6 12. h3 Rc8 13. Rc1 b5 14. Qe2 Qc7 15. Bb1 e5 16. dxc5 e4 17. Nd4 Ne5 18. Nf5 Qxc5 19. Nb3 Qc7 20. Nbd4 Nc6 21. Nxe7+ Qxe7 22. Ba2 Nxd4 23. cxd4 Qe6 24.
Bxf6 Qxf6 25. Qd2 Qb6 26. Rxc8 Rxc8 27. Rc1 a5 28. Rxc8+ Bxc8 29. Bxd5 Bf5 30. Qc2 b4 31. Bxe4 Bxe4 32. Qxe4 bxa3 33. bxa3 Qd6 34. Qa8+ Kh7 35. Qxa5 Qf6 36. Qc3 Qg6 37. a4 Qb1+ 38. Kh2 Qf1 39. Qb2 Qa6 40. Qa2 h5 41. Qxf7 Qxa4 42. Qxh5+ Kg8 43.
Qd5+ Kh8 44. Qe5 Qc2 45. Qf4 Qe2 46. d5 Qd3 47. d6 Kh7 48. f3 g5 49. Qe4+ 1-0

[Event "Early-Titled-Tuesday-Blitz-March-26-2024"]
[Site "Chess.com"]
[Date "2024.03.26"]
[Round "3"]
[White "aljado"]
[Black "daika91"]
[Result "0-1"]
[WhiteElo "2164"]
[BlackElo "2723"]
[TimeControl "180+1"]
[EndTime "8:26:30 PDT"]
[Termination "daika91 won on time"]

1. e4 e5 2. Nf3 Nf6 3. Nxe5 d6 4. Nf3 Nxe4 5. Nc3 Nxc3 6. bxc3 Be7 7. d4 O-O 8. Bd3 b6 9. Be4 d5 10. Bd3 Nc6 11. O-O Bg4 12. Re1 h6 13. Qe2 Bd6 14. h3 Bh5 15. g4 Bg6 16. Be3 Be4 17. Bxe4 dxe4 18. Nd2 Qh4 19. Kg2 Rae8 20. Nf1 Ne7 21. Ng3 f5 22. gxf5 Nxf5 23. Qg4 Bxg3 24. fxg3 Qf6 25.
Bf4 Qc6 26. Be5 e3+ 0-1

[Event "Early-Titled-Tuesday-Blitz-March-26-2024"]
[Site "Chess.com"]
[Date "2024.03.26"]
[Round "3"]
[White "DIM90"]
[Black "nikitakhoroshev"]
[Result "0-1"]
[WhiteElo "2321"]
[BlackElo "2666"]
[TimeControl "180+1"]
[EndTime "8:26:30 PDT"]
[Termination "nikitakhoroshev won by resignation"]

1. e4 e5 2. Nf3 Nc6 3. Bb5 a6 4. Bxc6 dxc6 5. O-O Bg4 6. h3 h5 7. d3 Qf6 8. Nbd2 g5 9. Nc4 Bd6 10. hxg4 hxg4 11. Bxg5 Qg6 12. Bh4 gxf3 13. Qxf3 Rxh4 14. g3 O-O-O 15. Kg2 Ne7 16. Rh1 Rhh8 17. Qe3 Kb8 18. b4 f5 19. a4 f4 20. Qf3 fxg3 21. Qxg3 Qf6 22. Nxd6 cxd6 23. Rxh8 Rxh8 0-1

[Event "Early-Titled-Tuesday-Blitz-March-26-2024"]
[Site "Chess.com"]
[Date "2024.03.26"]
[Round "3"]
[White "ferrufino64"]
[Black "Midgardsormur"]
[Result "0-1"]
[WhiteElo "2223"]
[BlackElo "2448"]
[TimeControl "180+1"]
[EndTime "8:26:36 PDT"]
[Termination "Midgardsormur won by resignation"]

1. e4 c5 2. Nf3 d6 3. Bb5+ Bd7 4.
Bxd7+ Nxd7 5. c4 Ngf6 6. Nc3 g6 7. d4 cxd4 8. Nxd4 Rc8 9. b3 Qa5 10. Bd2 Qe5 11. Be3 Nxe4 12. Nxe4 Qxe4 13. O-O Bg7 14. Re1 O-O 15. Rc1 Rfe8 16. f3 Qh4 17. Bf2 Qh5 18. Nb5 a6 19. Nc3 b5 20. Nd5 e6 21. Ne3 bxc4 22. Nxc4 d5 23. Nd6 Rxc1 24. Qxc1 Rf8 25. g4 Qh3 26. Qe3 Be5 27. Bg3 Bxg3 28.
hxg3 Qxg3+ 29. Kh1 Qxd6 0-1

[Event "Early-Titled-Tuesday-Blitz-March-26-2024"]
[Site "Chess.com"]
[Date "2024.03.26"]
[Round "3"]
[White "mbojan"]
[Black "RobertDowneyJr0111"]
[Result "1-0"]
[WhiteElo "2883"]
[BlackElo "2647"]
[TimeControl "180+1"]
[EndTime "8:26:38 PDT"]
[Termination "mbojan won by resignation"]

1. e4 e5 2. Nf3 Nc6 3. Bb5 a6 4. Ba4 Nf6 5. d3 b5 6. Bb3 Bc5 7. c3 d6 8. Bg5 Rb8 9. Nbd2 Bb6 10. a4 h6 11. Bh4 g5 12. Bg3 Qe7 13. axb5 axb5 14.
Nf1 g4 15. Nh4 Nh5 16. Ne3 Nf4 17. O-O Rg8 18. Nhf5 Qg5 19. Kh1 Be6 20. Bxf4 exf4 21. Nd5 Bxf5 22. exf5 Qxf5 23. Re1+ Kf8 24. Re4 Rg7 25.
Rxf4 Qg5 26. g3 Kg8 27. d4 Ne7 28. Rxg4 Qxg4 29. Nf6+ 1-0

[Event "Early-Titled-Tuesday-Blitz-March-26-2024"]
[Site "Chess.com"]
[Date "2024.03.26"]
[Round "3"]
[White "DucksParadise"]
[Black "LikeWater"]
[Result "0-1"]
[WhiteElo "2489"]
[BlackElo "2709"]
[TimeControl "180+1"]
[EndTime "8:26:44 PDT"]
[Termination "LikeWater won by resignation"]

1. e4 c5 2. Nf3 d6 3. d4 cxd4 4. Nxd4 Nf6 5. Nc3 g6 6. Be3 Bg7 7. f3 a6 8. Qd2 b5 9. O-O-O Bb7 10. Kb1 Nbd7 11. g4 Rc8 12. g5 Nh5 13. Rg1 Ne5 14. f4 Nc4 15. Bxc4 Rxc4 16. Rge1 Nxf4 17. Bxf4 Rxd4 18.
Qe3 Rxd1+ 19. Rxd1 Qc7 20. Nd5 Bxd5 21. exd5 O-O 22.
h4 Rc8 23. c3 b4 24. cxb4 Qc2+ 0-1

[Event "Early-Titled-Tuesday-Blitz-March-26-2024"]
[Site "Chess.com"]
[Date "2024.03.26"]
[Round "3"]
[White "javierfreilemartin"]
[Black "Iskusnyh"]
[Result "0-1"]
[WhiteElo "2315"]
[BlackElo "2648"]
[TimeControl "180+1"]
[EndTime "8:26:51 PDT"]
[Termination "Iskusnyh won by resignation"]

1. c4 g6 2. d4 Bg7 3. e4 c5 4. d5 b5 5. cxb5 a6 6. bxa6 Nf6 7. Nc3 O-O 8. Nf3 Qa5 9. Bd2 Bxa6 10. Bxa6 Qxa6 11.
Qe2 d6 12. Qxa6 Nxa6 13. Ke2 Rfb8 14. b3 Nb4 15. Rhc1 Ra3 16. Ne1 Rba8 17. Nc2 Nxc2 18. Rxc2 Nxe4 19. Rb1 Bxc3 20. Bxc3 Rxa2 21. Kd3 Nxf2+ 22.
Kd2 Ne4+ 23. Kd3 Rxc2 24. Kxc2 Ra2+ 25. Kd3 Nxc3 26. Kxc3 Rxg2 27. Re1 Kf8 28. Ra1 Rxh2 29. Ra8+ Kg7 30. Re8 Kf6 31. Kc4 Rh4+ 0-1

[Event "Early-Titled-Tuesday-Blitz-March-26-2024"]
[Site "Chess.com"]
[Date "2024.03.26"]
[Round "3"]
[White "Hamisandwich"]
[Black "MVM2008"]
[Result "1-0"]
[WhiteElo "2705"]
[BlackElo "2484"]
[TimeControl "180+1"]
[EndTime "8:26:54 PDT"]
[Termination "Hamisandwich won on time"]

1. a3 e5 2. c4 b5 3. cxb5 d5 4. d4 e4 5. Nc3 Nf6 6. Bg5 c6 7.
e3 a6 8. bxc6 Nxc6 9. Nge2 Rb8 10. Nf4 Rxb2 11. Qc1 Rb3 12. Bxf6 gxf6 13. Qc2 Rxa3 14.
Rxa3 Bxa3 15. Nfxd5 Be6 16. Qa4 Bxd5 17. Qxa3 a5 18.
Bb5 Rg8 19. Qc5 Rxg2 20. Nxd5 1-0